[ AOE2 MATCH · #505288456 ]
UnrankedKhmer vs Saracens
Player's team · WIN
Rival team · LOSS
[ REPLAY ANALYSIS · EXTRACTED FROM THE RECORDED GAME ]
Feudal
13:27
Castle
17:05
Imperial
38:36
| APM avg | 48.6 |
| APM peak | 104 |
| eAPM avg | 24.8 |
| Villagers / military | 131 / 111 |
Focus
⚔️ 29.5% · 🌾 70.5%
Scout Cavalry ×67 · Ballista Elephant ×29 · Knight ×6 · Trebuchet (Packed) ×6 · Monk ×3
Feudal
12:28
Castle
28:00
Imperial
38:34
| APM avg | 47.9 |
| APM peak | 95 |
| eAPM avg | 21.2 |
| Villagers / military | 92 / 155 |
Focus
⚔️ 36.2% · 🌾 63.8%
Archer ×126 · Bombard Cannon ×14 · Monk ×11 · Spearman ×3 · Hand Cannoneer ×1
Match map
Initial resources + every placement click. Lines = walls · curves = elevation contours. ◆ gold · ⬟ stone · ● berries · ✦ relic · ◌ wall gap
Your base· ✓ Closed at 17:05 · 10t walls · 2 gate(s)
CaptainMorgan's base· ✓ Closed at 28:00 · 14t walls · 1 gate(s)
Smoothed initial terrain · ◌ = detected wall gap · hover for details
Inputs per minute
— SHIOZEN - - CaptainMorgan
Build order — SHIOZEN
First 150 of 405 actions detected
| 0:00 | Queue | Villager (Male) |
| 0:00 | Queue | Villager (Male) |
| 0:01 | Queue | Villager (Male) |
| 0:02 | Build | House |
| 0:04 | Build | House |
| 0:09 | Queue | Villager (Male) |
| 0:15 | Research | Loom |
| 0:28 | Queue | Villager (Male) |
| 0:28 | Queue | Villager (Male) |
| 0:28 | Queue | Villager (Male) |
| 0:36 | Build | House |
| 0:38 | Build | House |
| 2:03 | Queue | Villager (Male) |
| 2:34 | Queue | Villager (Male) |
| 3:05 | Queue | Villager (Male) |
| 3:34 | Queue | Villager (Male) |
| 3:43 | Build | Palisade Gate |
| 3:47 | Build | House |
| 3:49 | Build | Palisade Wall |
| 4:42 | Queue | Villager (Male) |
| 4:47 | Queue | Villager (Male) |
| 4:48 | Queue | Villager (Male) |
| 5:10 | Queue | Villager (Male) |
| 5:41 | Queue | Villager (Male) |
| 5:48 | Queue | Villager (Male) |
| 7:10 | Build | Lumber Camp |
| 7:32 | Build | House |
| 8:00 | Queue | Villager (Male) |
| 8:09 | Queue | Villager (Male) |
| 8:55 | Queue | Villager (Male) |
| 9:22 | Queue | Villager (Male) |
| 9:28 | Queue | Villager (Male) |
| 9:37 | Build | Mill |
| 9:57 | Build | House |
| 10:27 | Queue | Villager (Male) |
| 10:29 | Queue | Villager (Male) |
| 10:30 | Queue | Villager (Male) |
| 10:50 | Research | Feudal Age |
| 11:41 | Build | Mining Camp |
| 13:14 | Queue | Villager (Male) |
| 13:27 | Age | Feudal Age |
| 13:29 | Queue | Villager (Male) |
| 14:04 | Build | House |
| 14:20 | Build | Stone Wall |
| 14:22 | Build | Stone Wall |
| 14:25 | Research | Castle Age |
| 15:06 | Build | House |
| 15:09 | Research | Double-Bit Axe |
| 15:21 | Build | Gate |
| 16:05 | Build | House |
| 16:39 | Build | Mining Camp |
| 16:49 | Build | Watch Tower |
| 17:05 | Age | Castle Age |
| 17:12 | Build | Stable |
| 17:22 | Build | House |
| 17:54 | Queue | Villager (Male) |
| 17:56 | Queue | Knight |
| 17:57 | Queue | Knight |
| 18:27 | Build | Farm |
| 18:41 | Queue | Villager (Male) |
| 18:42 | Queue | Villager (Male) |
| 18:42 | Queue | Villager (Male) |
| 18:53 | Build | Farm |
| 18:54 | Build | Farm |
| 18:54 | Build | Farm |
| 18:54 | Build | Farm |
| 18:54 | Build | Farm |
| 18:55 | Build | Farm |
| 19:34 | Queue | Villager (Male) |
| 19:38 | Build | Farm |
| 19:52 | Queue | Knight |
| 20:22 | Build | Monastery |
| 20:42 | Queue | Knight |
| 20:42 | Queue | Villager (Male) |
| 21:03 | Queue | Villager (Male) |
| 21:18 | Queue | Villager (Male) |
| 21:35 | Queue | Villager (Male) |
| 21:42 | Build | Town Center |
| 21:45 | Queue | Knight |
| 21:57 | Queue | Villager (Male) |
| 22:23 | Queue | Villager (Male) |
| 22:27 | Build | House |
| 22:29 | Build | House |
| 22:31 | Queue | Villager (Male) |
| 23:01 | Build | House |
| 23:19 | Queue | Knight |
| 23:21 | Queue | Villager (Male) |
| 23:59 | Queue | Monk |
| 24:38 | Queue | Villager (Male) |
| 24:39 | Queue | Villager (Male) |
| 25:03 | Queue | Villager (Male) |
| 25:25 | Build | House |
| 25:31 | Build | Castle |
| 25:40 | Queue | Villager (Male) |
| 25:56 | Build | Farm |
| 25:56 | Build | Farm |
| 25:56 | Build | Farm |
| 25:56 | Build | Farm |
| 25:57 | Build | Farm |
| 25:57 | Build | Farm |
| 25:57 | Build | Farm |
| 26:25 | Build | Farm |
| 26:27 | Build | Farm |
| 26:30 | Build | Farm |
| 26:34 | Queue | Villager (Male) |
| 26:43 | Build | Mining Camp |
| 26:51 | Queue | Villager (Male) |
| 26:53 | Queue | Villager (Male) |
| 27:07 | Build | House |
| 27:11 | Queue | Villager (Male) |
| 27:16 | Queue | Villager (Male) |
| 27:21 | Queue | Villager (Male) |
| 27:33 | Queue | Villager (Male) |
| 27:34 | Queue | Villager (Male) |
| 27:44 | Build | House |
| 27:46 | Build | Farm |
| 27:57 | Build | Farm |
| 28:24 | Queue | Villager (Male) |
| 28:27 | Build | Farm |
| 28:29 | Build | Farm |
| 28:38 | Build | House |
| 29:12 | Queue | Villager (Male) |
| 29:16 | Research | Wheelbarrow |
| 29:20 | Research | Bloodlines |
| 29:23 | Queue | Villager (Male) |
| 29:27 | Queue | Villager (Male) |
| 29:29 | Queue | Villager (Male) |
| 29:50 | Queue | Villager (Male) |
| 30:01 | Queue | Villager (Male) |
| 30:22 | Build | Farm |
| 30:29 | Queue | Villager (Male) |
| 30:43 | Queue | Ballista Elephant |
| 30:43 | Queue | Ballista Elephant |
| 30:43 | Queue | Ballista Elephant |
| 30:44 | Queue | Ballista Elephant |
| 31:04 | Build | Farm |
| 31:28 | Build | Farm |
| 31:35 | Build | Farm |
| 31:35 | Queue | Villager (Male) |
| 31:36 | Queue | Villager (Male) |
| 31:42 | Build | Farm |
| 31:44 | Queue | Ballista Elephant |
| 32:05 | Build | Market |
| 32:47 | Queue | Villager (Male) |
| 33:06 | Build | Castle |
| 33:33 | Queue | Villager (Male) |
| 34:14 | Build | House |
| 35:26 | Research | Imperial Age |
| 35:35 | Queue | Villager (Male) |
| 35:35 | Queue | Villager (Male) |
Build order — CaptainMorgan
First 150 of 367 actions detected
| 0:02 | Queue | Villager (Male) |
| 0:02 | Queue | Villager (Male) |
| 0:02 | Queue | Villager (Male) |
| 0:03 | Build | House |
| 0:05 | Build | House |
| 0:26 | Queue | Villager (Male) |
| 0:44 | Research | Loom |
| 0:48 | Queue | Villager (Male) |
| 0:48 | Queue | Villager (Male) |
| 1:30 | Queue | Villager (Male) |
| 1:30 | Queue | Villager (Male) |
| 2:21 | Queue | Villager (Male) |
| 3:14 | Queue | Villager (Male) |
| 4:08 | Queue | Villager (Male) |
| 4:08 | Queue | Villager (Male) |
| 4:24 | Build | Palisade Wall |
| 4:29 | Build | House |
| 4:36 | Build | House |
| 4:50 | Build | House |
| 5:04 | Build | House |
| 5:51 | Queue | Villager (Male) |
| 5:51 | Queue | Villager (Male) |
| 5:56 | Build | Lumber Camp |
| 6:14 | Build | House |
| 6:38 | Build | House |
| 6:44 | Queue | Villager (Male) |
| 6:48 | Queue | Villager (Male) |
| 7:05 | Queue | Villager (Male) |
| 7:05 | Queue | Villager (Male) |
| 7:38 | Queue | Villager (Male) |
| 8:29 | Queue | Villager (Male) |
| 8:54 | Build | House |
| 9:01 | Build | Palisade Wall |
| 9:11 | Queue | Villager (Male) |
| 9:14 | Build | Palisade Wall |
| 9:23 | Build | House |
| 9:35 | Build | Mining Camp |
| 9:41 | Queue | Villager (Male) |
| 10:18 | Research | Feudal Age |
| 10:25 | Build | House |
| 10:49 | Build | Barracks |
| 12:24 | Queue | Villager (Male) |
| 12:24 | Queue | Villager (Male) |
| 12:28 | Age | Feudal Age |
| 12:30 | Build | Archery Range |
| 12:35 | Build | Blacksmith |
| 12:50 | Build | House |
| 12:52 | Queue | Villager (Male) |
| 13:00 | Queue | Villager (Male) |
| 13:11 | Research | Fletching |
| 13:25 | Queue | Archer |
| 13:40 | Queue | Villager (Male) |
| 13:43 | Build | Archery Range |
| 13:58 | Queue | Archer |
| 14:18 | Queue | Archer |
| 14:25 | Research | Padded Archer Armor |
| 14:26 | Queue | Archer |
| 14:38 | Build | House |
| 15:00 | Build | Mill |
| 15:00 | Queue | Villager (Male) |
| 15:02 | Queue | Archer |
| 15:02 | Queue | Archer |
| 15:41 | Queue | Archer |
| 15:47 | Build | House |
| 15:54 | Queue | Villager (Male) |
| 15:54 | Queue | Villager (Male) |
| 16:17 | Queue | Archer |
| 16:18 | Queue | Archer |
| 16:25 | Build | House |
| 16:25 | Queue | Villager (Male) |
| 16:45 | Build | Mining Camp |
| 16:50 | Queue | Archer |
| 16:58 | Queue | Villager (Male) |
| 17:07 | Build | Market |
| 17:52 | Queue | Archer |
| 17:52 | Queue | Archer |
| 17:57 | Queue | Archer |
| 17:58 | Queue | Villager (Male) |
| 18:02 | Build | Farm |
| 18:10 | Queue | Villager (Male) |
| 18:19 | Queue | Archer |
| 18:21 | Queue | Villager (Male) |
| 18:37 | Build | Farm |
| 18:39 | Build | Farm |
| 18:41 | Build | Farm |
| 18:47 | Research | Horse Collar |
| 18:53 | Queue | Archer |
| 18:55 | Queue | Archer |
| 19:14 | Queue | Archer |
| 19:35 | Queue | Archer |
| 19:45 | Build | Archery Range |
| 19:48 | Queue | Spearman |
| 19:49 | Queue | Spearman |
| 19:54 | Queue | Archer |
| 19:56 | Queue | Spearman |
| 19:58 | Queue | Villager (Male) |
| 20:11 | Queue | Archer |
| 20:20 | Queue | Villager (Male) |
| 20:21 | Build | House |
| 20:22 | Queue | Villager (Male) |
| 20:27 | Queue | Archer |
| 20:27 | Queue | Archer |
| 20:50 | Queue | Archer |
| 21:18 | Queue | Archer |
| 21:18 | Queue | Archer |
| 21:19 | Queue | Villager (Male) |
| 21:23 | Build | House |
| 21:33 | Queue | Archer |
| 21:33 | Queue | Archer |
| 21:49 | Queue | Archer |
| 21:49 | Queue | Archer |
| 21:50 | Queue | Villager (Male) |
| 21:53 | Build | Farm |
| 21:54 | Build | Farm |
| 21:55 | Build | Farm |
| 21:57 | Build | Farm |
| 21:58 | Queue | Villager (Male) |
| 22:23 | Build | Watch Tower |
| 22:32 | Queue | Villager (Male) |
| 23:00 | Queue | Archer |
| 23:00 | Queue | Archer |
| 23:00 | Queue | Archer |
| 23:01 | Queue | Villager (Male) |
| 23:04 | Build | House |
| 23:27 | Queue | Archer |
| 23:27 | Queue | Archer |
| 23:28 | Queue | Archer |
| 24:01 | Queue | Villager (Male) |
| 24:19 | Queue | Archer |
| 24:19 | Queue | Archer |
| 24:22 | Queue | Villager (Male) |
| 24:34 | Build | Gate |
| 24:40 | Build | Stone Wall |
| 25:19 | Research | Castle Age |
| 25:25 | Build | House |
| 26:07 | Build | Archery Range |
| 26:09 | Build | Palisade Wall |
| 26:11 | Build | Palisade Wall |
| 26:13 | Build | Palisade Wall |
| 26:19 | Queue | Archer |
| 26:29 | Build | House |
| 26:29 | Build | House |
| 26:44 | Queue | Villager (Male) |
| 27:20 | Queue | Archer |
| 27:20 | Queue | Archer |
| 27:34 | Queue | Archer |
| 27:41 | Queue | Archer |
| 27:41 | Queue | Archer |
| 28:00 | Age | Castle Age |
| 28:05 | Research | Crossbowman (upgrade) |
Match timeline
| 3:49 | SHIOZEN · wall_segment Palisade Wall x1 |
| 4:24 | CaptainMorgan · wall_segment Palisade Wall x8 |
| 9:01 | CaptainMorgan · wall_segment Palisade Wall x1 |
| 9:14 | CaptainMorgan · wall_segment Palisade Wall x1 |
| 10:49 | CaptainMorgan · first_building Barracks |
| 12:28 | CaptainMorgan · age_up feudal |
| 12:30 | CaptainMorgan · first_building Archery Range |
| 13:27 | SHIOZEN · age_up feudal |
| 14:20 | SHIOZEN · wall_segment Stone Wall x3 |
| 14:22 | SHIOZEN · wall_segment Stone Wall x6 |
| 17:05 | SHIOZEN · age_up castle |
| 17:12 | SHIOZEN · first_building Stable |
| 18:16 | CaptainMorgan · first_market_sell 100 wood |
| 18:46 | CaptainMorgan · first_market_buy 100 food |
| 20:22 | SHIOZEN · first_building Monastery |
| 24:40 | CaptainMorgan · wall_segment Stone Wall x1 |
| 25:31 | SHIOZEN · first_building Castle |
| 26:09 | CaptainMorgan · wall_segment Palisade Wall x1 |
| 26:11 | CaptainMorgan · wall_segment Palisade Wall x1 |
| 26:13 | CaptainMorgan · wall_segment Palisade Wall x1 |
| 28:00 | CaptainMorgan · age_up castle |
| 28:23 | CaptainMorgan · first_building Monastery |
| 32:07 | CaptainMorgan · first_building Castle |
| 36:44 | SHIOZEN · first_market_sell 100 wood |
| 38:34 | CaptainMorgan · age_up imperial |
| 38:36 | SHIOZEN · age_up imperial |
| 39:16 | CaptainMorgan · first_building Siege Workshop |
| 47:14 | SHIOZEN · first_market_buy 100 food |
| 59:29 | CaptainMorgan · resign |
[ AI ANALYSIS · 1 CREDIT ]
What really happened in this match?
Wolo.gg analyzes every decision: build order, eco, micro, common mistakes by bracket. Personalized analysis on WhatsApp or Discord in 30 seconds.
Civ guide
Khmer
Perfil
Jugador #14864420